 Dungeon Crawl Stone Soup version 0.28-a0-1510-gd0f6b136d3 (webtiles) character file.

Game seed: 9184979873217456621

50 comborobin the Sneak (level 3, -1/33 HPs)
             Began as a Ghoul Delver on Jan 15, 2022.
             Slain by an iguana (8 damage)
             ... on level 3 of the Dungeon.
             The game lasted 00:00:48 (803 turns).

comborobin the Sneak (Ghoul Delver)                  Turns: 803, Time: 00:00:48

Health: -1/33      AC:  3    Str: 15    XL:     3   Next: 79%
Magic:  2/2        EV: 12    Int:  5    God:
Gold:   27         SH:  0    Dex: 12    Spells: 2/2 levels left

rFire   . . .      SeeInvis .     - Unarmed
rCold   + . .      Faith    .   (no shield)
rNeg    + + +      Spirit   .   a - +0 leather armour
rPois   ∞          Reflect  .   (no helmet)
rElec   .          Harm     .   (no cloak)
rCorr   .          Rampage  .   (no gloves)
Will    .....                   (no boots)
Stlth   +++.......              (no amulet)
HPRegen 0.00/turn               (no ring)
MPRegen 0.08/turn               (no ring)

@: inhibited regen
A: claws 1, cold resistance 1, negative energy resistance 3, inhibited
regeneration, torment resistance 2
a: no special abilities


You were on level 3 of the Dungeon.
You visited 1 branch of the dungeon, and saw 3 of its levels.

You collected 27 gold pieces.

Inventory:

Armour
 a - a +0 leather armour (worn)
 h - a +0 pair of gloves
Wands
 f - a wand of digging (3)
Scrolls
 b - a scroll of fog
 c - a scroll of magic mapping
 d - a scroll of fear
 e - a scroll of teleportation {unknown}
 i - a scroll of identify {unknown}
Potions
 g - 2 potions of curing {unknown}
 j - a potion of attraction {unknown}


   Skills:
 + Level 3.8 Fighting
 + Level 2.3 Dodging
 + Level 5.8 Stealth
 + Level 2.8 Unarmed Combat


You had 2 spell levels left.
You didn't know any spells.
Your spell library was empty.

Dungeon Overview and Level Annotations

Branches:
Dungeon (5/15)
 Temple: D:4-7

Altars:

Shops:
D:4 (

Annotations:
D:3 Grinder


Innate Abilities, Weirdness & Mutations

You thrive by killing the living.
You are immune to poison.
You have sharp fingernails.
Your flesh is cold resistant. (rC+)
You are immune to negative energy. (rN+++)
You do not regenerate when monsters are visible.
You are immune to unholy pain and torment.


Message History

You barely miss the orc. The orc closely misses you.
You scratch the orc but do no damage. You claw the orc.
The orc is moderately wounded.
The orc completely misses you.
You closely miss the orc.
The orc is moderately wounded.
The orc barely misses you.
You scratch the orc.
The orc is severely wounded.
The orc barely misses you.
You scratch the orc but do no damage.
The orc is severely wounded.
The orc barely misses you.
You scratch the orc but do no damage.
The orc is severely wounded.
The orc misses you.
You barely miss the orc.
The orc is severely wounded.
The orc barely misses you.
You barely miss the orc.
The orc is severely wounded.
You scratch the orc but do no damage.
The orc is severely wounded.
The orc hits you but does no damage.
You scratch the orc.
You kill the orc!
You scratch the orc.
The orc is severely wounded.
The orc completely misses you.
You scratch the orc.
You kill the orc!
You feel better.
You scratch the iguana but do no damage.
The iguana bites you!
You barely miss the iguana. The iguana bites you!
* * * LOW HITPOINT WARNING * * *
Grinder blinks!
You are too injured to fight recklessly!
You barely miss the iguana. The iguana bites you!
You die...

... . #. #...........
...
###..#.##....5...###
##.
.........<..........
.#.........##.##.###
#......#.##.##.# #
.#.#..#.##...§# ##
...........#o# ...
#.#..#.##.##l#
....#.#.......##@#
#........#.##.##.#
....)...............#
#.###....#.##.##.####
#.# ####.#.##.##.#
#.# #.#.##.##.# #.#
#.####.####
..######.# #.#
.........#


You could see Grinder, an iguana and an orc.

Vanquished Creatures
  An orc wizard (D:3)
  8 orcs (D:3)
  An endoplasm (D:3)
  3 jackals (D:3)
  2 kobolds (D:3)
  2 rats (D:3)
17 creatures vanquished.

Notes
Turn   | Place    | Note
-------+----------+-------------------------------------------
     0 | D:5      | comborobin the Ghoul Delver began the quest for the Orb.
     0 | D:5      | Reached XP level 1. HP: 19/19 MP: 0/0
    12 | D:4      | Found Hyro's Weapon Boutique.
    15 | D:4      | Noticed a phantom
   176 | D:3      | Reached XP level 2. HP: 25/26 MP: 1/1
   327 | D:3      | Reached XP level 3. HP: 10/33 MP: 2/2
   785 | D:3      | Noticed Grinder
   803 | D:3      | Slain by an iguana

Illustrated notes

Levels and vault maps discovered:
D:3:      layout_basic, chequers_ecumenical_altar_simple, minmay_distorted,
          uniq_grinder
D:4:      layout_cave_pools, serial_shops, nicolae_shop_trees, shop, shop,
          nicolae_shop_trees, nicolae_inconvenience_store, minivault_25,
          nicolae_shop_self_help
D:5:      layout_cave_pools, minmay_a_box_with_orc_wizards_in_it

Skill      XL: |  1  2 |
---------------+-------+-----
Dodging        | 2 |  2.3
Fighting       | |  3.8
Stealth        | |  5.8
Unarmed Combat | |  2.8

Action                   || total
-------------------------++-------
Melee: Unarmed           ||    75
       Punch             ||     1
  Use: Potion            ||     2
 Stab: Sleeping          ||     1
Armor: Leather armour    ||    10
Dodge: Dodged            ||    33

Table legend: (Time is in decaauts)
 A = Elapsed time spent in this place.
 B = Non-inter-level travel time spent in this place.
 C = Inter-level travel time spent in this place.
 D = Time resting spent in this place.
 E = Time spent auto-exploring this place.
 F = Levels seen in this place.
 G = Mean time per level.
                   A        B        C        D        E       F      G
               +--------+--------+--------+--------+--------+-----+--------+
         Total |    788 |    759 |     29 |      6 |    566 |   3 |  262.7 |
       Dungeon |    788 |    759 |     29 |      6 |    566 |   3 |  262.7 |
               +--------+--------+--------+--------+--------+-----+--------+

Top non-repeatable levels by time:
     D:3: 751 daAuts
     D:4: 25 daAuts
     D:5: 12 daAuts
